 Dungeon Crawl Stone Soup version 0.31.0-11-ge490571c62 (webtiles) character file.

Game seed: 805029156922886672

28154111 Sergey the Sorcerer (level 27, 335/335 HPs)
             Began as a Hill Orc Wanderer on Feb 1, 2024.
             Was a High Priest of Sif Muna.
             Escaped with the Orb
             ... and 14 runes
             ... and 4 gems on Feb 2, 2024!
             The game lasted 08:34:30 (46631 turns).

Sergey the Sorcerer (Hill Orc Wanderer)            Turns: 46631, Time: 08:34:31

Health: 335/335    AC: 35    Str: 22    XL:     27
Magic:  62/62      EV: 14    Int: 28    God:    Sif Muna [*****.]
Gold:   5160       SH:  8    Dex:  6    Spells: 8/79 levels left

rFire   + + +        w - +9 mace "Roext" {speed, rF+ rC+ Int+2}
rCold   + . .        a - +3 buckler {rF+}
rNeg    + + +        j - melded +3 leather armour "Wall" {rC+ Int+2}
rPois   ∞            T - +2 helmet {Int+3}
rElec   +            s - +2 cloak {Will+}
rCorr   .            d - melded +2 pair of gloves
SInv    .            b - melded +2 pair of boots of Ethics {rPois rCorr}
Will    +++..        X - amulet of regeneration
Stlth   ++           Y - ring "Venigue" {Fly rF+ rN+ MP+9 Dex-3}
HPRegen 1.55/turn    e - ring of the Mage {Wiz Archmagi}
MPRegen 0.38/turn

%: wizardry (x1), archmagi
@: statue-form, flying, studying 2 skills, very slow
A: slow and powerful, torment resistance 1, boosted hp, deformed body
0: Orb of Zot
}: 14/15 runes: barnacled, slimy, silver, iron, obsidian, icy, bone, abyssal,
demonic, glowing, magical, fiery, dark, gossamer
a: Begin Untransformation, Renounce Religion, Channel Magic, Forget Spell,
Divine Exegesis


You escaped.
You worshipped Sif Muna.
Sif Muna was extremely pleased with you.
You were a living statue of rough stone.
You visited 18 branches of the dungeon, and saw 86 of its levels.
You visited Pandemonium 1 time, and saw 20 of its levels.
You visited the Abyss 1 time.
You visited 1 ziggurat, and saw 12 of its levels.
You also visited: Trove.

You collected 8289 gold pieces.
You spent 3129 gold pieces at shops.

Inventory:

Hand Weapons
 q - the +6 scimitar "Bemaus" {drain, rF+ rC- Will+ Int+4}
   (You took it off a deep elf death mage on level 3 of the Elven Halls)

   Int+4:     It affects your intelligence (+4).
   rF+:       It protects you from fire.
   rC-:       It makes you vulnerable to cold.
   Will+:     It increases your willpower.
 u - a +6 spear of distortion {!w}
 w - the +9 mace "Roext" (weapon) {speed, rF+ rC+ Int+2}
   (You found it on level 5 of the Dungeon)

   Int+2:     It affects your intelligence (+2).
   rF+:       It protects you from fire.
   rC+:       It protects you from cold.
Missiles
 F - a throwing net (quivered)
Armour
 a - a +3 buckler of fire resistance (worn)
 b - the +2 pair of boots of Ethics (melded) {rPois rCorr}
   (You found it on level 3 of the Elven Halls)

   rPois:     It protects you from poison rCorr: It protects you from acid and
   corrosion.
 d - a +2 pair of gloves (melded)
 j - the +3 leather armour "Wall" (melded) {rC+ Int+2}
   (You took it off a goblin on level 2 of the Dungeon)

   Int+2:     It affects your intelligence (+2).
   rC+:       It protects you from cold.
 s - a +2 cloak of willpower (worn)
 T - a +2 helmet of intelligence (worn)
Magical Staves
 r - the staff of Destiny {*Corrode rElec rPois rN++ Summ Alchemy}
   (You found it on level 3 of the Crypt)

   [staff of alchemy]

   Base accuracy: +5 Base damage: 5 Base attack delay: 1.2 This weapon's minimum
   attack delay (0.6) is reached at skill level 12.
   rElec:     It insulates you from electricity.
   rPois:     It protects you from poison rN++: It greatly protects you from
   negative energy.
   *Corrode:  It may corrode you when you take damage.
   Summ:      It increases the power of your Summonings spells.
   Alchemy:   It increases the power of your Alchemy spells.
   It falls into the 'Staves' category.
   It is a one-handed weapon.
Jewellery
 e - the ring of the Mage (right fist) {Wiz Archmagi}
   (You bought it in a shop on level 4 of the Vaults)

   [ring of wizardry]

   Wiz:       It improves your spell success rate.
   Archmagi:  It increases the power of your magical spells.
 E - a ring of protection from cold
 H - a ring of resist corrosion
 J - a +5 ring of evasion
 L - a ring of see invisible
 P - the amulet of Raopiaho {RegenMP Int+3}
   (You took it off a deep elf death mage on level 3 of the Elven Halls)

   [amulet of magic regeneration]

   RegenMP:   It increases your rate of magic regeneration.
   Int+3:     It affects your intelligence (+3).
 Q - the ring of Bety {rF+ Will+ SInv}
   (You found it on level 5 of the Vaults)

   [ring of see invisible]

   rF+:       It protects you from fire.
   Will+:     It increases your willpower.
   SInv:      It lets you see invisible.
 X - an amulet of regeneration (around neck)
 Y - the ring "Venigue" (left fist) {Fly rF+ rN+ MP+9 Dex-3}
   (You found it on level 5 of the Vaults)

   [ring of flight]

   Dex-3:     It affects your dexterity (-3).
   rF+:       It protects you from fire.
   rN+:       It protects you from negative energy.
   MP+9:      It affects your magic capacity (+9).
   Fly:       It grants you flight.
Talismans
 y - a talisman of death
 B - the granite talisman of the Mackerel (active) {rN+ Int+3}
   (You found it on level 1 of the Vaults)

   [granite talisman]

   Int+3:     It affects your intelligence (+3).
   rN+:       It protects you from negative energy.
Wands
 c - a wand of acid (24)
 i - a wand of iceblast (35)
 v - a wand of digging (15)
 D - a wand of paralysis (62)
Scrolls
 f - 3 scrolls of amnesia
 g - 3 scrolls of blinking {@r4}
 l - 5 scrolls of fog {@r2}
 n - 17 scrolls of teleportation {@r3}
 K - 4 scrolls of fear
 W - a scroll of vulnerability {!r}
Potions
 k - 16 potions of mutation
 m - 2 potions of cancellation
 o - a potion of ambrosia
 t - 8 potions of curing {@q2}
 x - 8 potions of enlightenment
 z - 7 potions of heal wounds {@q1}
 G - 12 potions of might {@q3}
 I - 4 potions of brilliance
 M - 11 potions of lignification
 N - 8 potions of resistance
 O - 3 potions of magic
 U - 2 potions of haste {@q5}
Miscellaneous
 h - the horn of Geryon
 p - a phantom mirror
 C - a sack of spiders
 R - a lightning rod (4/4)
 V - a condenser vane


   Skills:
 - Level 23.0 Fighting
 - Level 4.0 Maces & Flails
 - Level 1.1 Polearms
 - Level 4.0 Armour
 - Level 14.0 Dodging
 - Level 9.0 Stealth
 - Level 10.0 Shields
 - Level 12.0 Unarmed Combat
 + Level 26.9 Spellcasting
 - Level 9.0 Conjurations
 - Level 24.0 Summonings
 - Level 11.2 Necromancy
 - Level 9.1 Translocations
 - Level 17.0 Fire Magic
 - Level 7.0 Earth Magic
 - Level 6.0 Alchemy
 - Level 16.0 Invocations
 - Level 18.0 Evocations
 - Level 18.0 Shapeshifting


You had 8 spell levels left.
You knew the following spells:

 Your Spells              Type           Power      Damage    Failure   Level
a - Borgnjor's Vile Clut  Necr/Erth      46%        N/A       1%          5
b - Malign Gateway        Summ/Tloc      57%        N/A       1%          7
c - Summon Horrible Thin  Summ           65%        N/A       1%          8
d - Dragon's Call         Summ           65%        N/A       1%          9
e - Blink                 Tloc           100%       N/A       1%          2
f - Death Channel         Necr           50%        N/A       1%          6
h - Passwall              Erth           86%        N/A       1%          3
j - Apportation           Tloc           100%       N/A       0%          1
l - Passage of Golubria   Tloc           93%        N/A       1%          4
m - Ignition              Fire           57%        3d16      1%          8
r - Irradiate             Conj/Alch      44%        3d26      1%          5
s - Spellforged Servitor  Conj/Summ      57%        N/A       1%          7
z - Bombard               Conj/Erth      44%        9d8       1%          6

Your spell library contained the following spells:

 Spells                   Type           Power      Damage    Failure   Level
 Foxfire                  Conj/Fire      100%       2x1d9     0%          1
 Kiss of Death            Conj/Necr      100%       2d13      0%          1
 Magic Dart               Conj           100%       1d8       0%          1
 Necrotise                Necr           100%       1d9       0%          1
 Summon Small Mammal      Summ           100%       N/A       0%          1
 Call Imp                 Summ           100%       N/A       0%          2
 Scorch                   Fire           100%       2d9       0%          2
 Call Canine Familiar     Summ           100%       N/A       0%          3
 Summon Ice Beast         Ice/Summ       100%       N/A       0%          3
 Volatile Blastmotes      Fire/Tloc      100%       2d18      0%          3
 Animate Armour           Summ/Erth      100%       N/A       0%          4
 Martyr's Knell           Necr/Summ      100%       N/A       0%          4
 Summon Blazeheart Golem  Fire/Summ      100%       N/A       0%          4
 Summon Cactus Giant      Summ           65%        N/A       0%          6
 Freeze                   Ice            100%       1d10      1%          1
 Sandblast                Erth           100%       2d20      1%          1
 Shock                    Conj/Air       100%       1d9       1%          1
 Slow                     Hex            100%       N/A       1%          1
 Sting                    Conj/Alch      100%       1d9       1%          1
 Cigotuvi's Dreadful Rot  Necr/Alch/Air  100%       N/A       1%          2
 Ensorcelled Hibernation  Hex/Ice        100%       N/A       1%          2
 Jinxbite                 Hex            100%       N/A       1%          2
 Lesser Beckoning         Tloc           100%       N/A       1%          2
 Mercury Vapours          Alch/Air       100%       N/A       1%          2
 Momentum Strike          Conj/Tloc      100%       3d10      1%          2
 Searing Ray              Conj           100%       2d8       1%          2
 Static Discharge         Conj/Air       100%       3-8/arc   1%          2
 Confusing Touch          Hex            54%        N/A       1%          3
 Dazzling Flash           Conj/Hex       100%       N/A       1%          3
 Frozen Ramparts          Ice            100%       1d16      1%          3
 Fugue of the Fallen      Necr           100%       N/A       1%          3
 Gell's Gravitas          Tloc           93%        N/A       1%          3
 Hailstorm                Conj/Ice       76%        3d13      1%          3
 Inner Flame              Hex/Fire       91%        N/A       1%          3
 Mephitic Cloud           Conj/Alch/Air  78%        N/A       1%          3
 Ozocubu's Armour         Ice            54%        N/A       1%          3
 Sigil of Binding         Hex            54%        N/A       1%          3
 Stone Arrow              Conj/Erth      100%       3d13      1%          3
 Swiftness                Air            54%        N/A       1%          3
 Teleport Other           Tloc           93%        N/A       1%          3
 Tukima's Dance           Hex            54%        N/A       1%          3
 Vampiric Draining        Necr           100%       2d13      1%          3
 Anguish                  Hex/Necr       40%        N/A       1%          4
 Animate Dead             Necr           100%       N/A       1%          4
 Brom's Barrelling Bould  Conj/Erth      89%        2d10      1%          4
 Dimensional Bullseye     Hex/Tloc       38%        N/A       1%          4
 Dispel Undead            Necr           100%       3d31      1%          4
 Flame Wave               Conj/Fire      100%       2d21      1%          4
 Fulminant Prism          Conj/Alch      44%        3d19      1%          4
 Ignite Poison            Fire/Alch      100%       N/A       1%          4
 Iskenderun's Mystic Bla  Conj/Tloc      93%        2d18      1%          4
 Leda's Liquefaction      Alch/Erth      42%        N/A       1%          4
 Manifold Assault         Tloc           93%        N/A       1%          4
 Olgreb's Toxic Radiance  Alch           82%        N/A       1%          4
 Petrify                  Alch/Erth      84%        N/A       1%          4
 Sticky Flame             Fire/Alch      100%       2d15      1%          4
 Summon Lightning Spire   Summ/Air       100%       N/A       1%          4
 Vhi's Electric Charge    Tloc/Air       100%       N/A       1%          4
 Alistair's Intoxication  Alch           54%        N/A       1%          5
 Arcjolt                  Conj/Air       38%        1d48      1%          5
 Curse of Agony           Necr           100%       N/A       1%          5
 Fireball                 Conj/Fire      52%        3d20      1%          5
 Iskenderun's Battlesphe  Conj           93%        2d14      1%          5
 Lee's Rapid Deconstruct  Erth           43%        3d21*     1%          5
 Summon Forest            Summ/Tloc      57%        N/A       1%          5
 Summon Mana Viper        Hex/Summ       100%       N/A       1%          5
 Dispersal                Tloc           46%        N/A       1%          6
 Plasma Beam              Fire/Air       45%        2x1d60    1%          6
 Starburst                Conj/Fire      52%        6d14      1%          6
 Haunt                    Necr/Summ      58%        N/A       1%          7
 Monstrous Menagerie      Summ           65%        N/A       1%          7
 Summon Hydra             Summ           65%        N/A       1%          7
 Freezing Cloud           Conj/Ice/Air   34%        6-21      2%          5
 Yara's Violent Unravell  Hex/Alch       34%        3d14      2%          5
 Airstrike                Air            27%        2d(4-20)  3%          4
 Cause Fear               Hex            27%        N/A       3%          4
 Eringya's Noxious Bog    Alch           41%        4d6       4%          6
 Orb of Destruction       Conj           46%        9d12      7%          7
 Metabolic Englaciation   Hex/Ice        27%        N/A       9%          5
 Silence                  Hex/Air        27%        N/A       9%          5
 Conjure Ball Lightning   Conj/Air       38%        3x3d12    9%          6
 Sculpt Simulacrum        Ice/Alch       34%        N/A       16%         6
 Borgnjor's Revivificati  Necr           50%        N/A       21%         8
 Infestation              Necr           50%        N/A       21%         8
 Disjunction              Tloc           46%        N/A       43%         8
 Lehudib's Crystal Spear  Conj/Erth      44%        10d11     58%         8
 Enfeeble                 Hex            27%        N/A       93%         7
 Ozocubu's Refrigeration  Ice            27%        4d13      93%         7
 Discord                  Hex            27%        N/A       100%        8
 Maxwell's Capacitive Co  Air            27%        ∞         100%        8
 Fire Storm               Conj/Fire      52%        8d13      82%         9
 Death's Door             Necr           50%        N/A       96%         9
 Chain Lightning          Conj/Air       38%        3d50      100%        9
 Polar Vortex             Ice            27%        12d3*     100%        9
 Shatter                  Erth           43%        3d33*     100%        9
 Sublimation of Blood     Necr           Unusable   N/A       N/A         2

Dungeon Overview and Level Annotations

Branches:
Dungeon (15/15)            Temple (1/1) D:4            Lair (5/5) D:11
 Shoals (4/4) Lair:3       Spider (4/4) Lair:3        Slime (5/5) Lair:4
    Orc (2/2) D:9             Elf (3/3) Orc:2        Vaults (5/5) D:13
  Crypt (3/3) Vaults:3       Tomb (1/3) Crypt:3      Depths (4/4) D:15
   Hell (visited)             Dis (7/7) Hell            Geh (7/7) Hell
    Coc (7/7) Hell            Tar (7/7) Hell            Zot (5/5) Depths:4

Altars:
Ashenzari
Cheibriados
Dithmenos
Elyvilon
Fedhas
Gozag
Hepliaklqana
Kikubaaqudgha
Makhleb
Nemelex Xobeh
Okawaru
Qazlal
Ru
Sif Muna
Trog
Uskayaw
Vehumet
Wu Jian
Xom
Yredelemnul
Zin
The Shining One
Jiyva

Shops:
Orc:2 ([:?   Vaults:1 [   Vaults:4 :[[*?[   Vaults:5 *   Depths:1 =:=

Portals:
Hell: Depths:1 Depths:2
Abyss: Depths:3 Depths:4
Pandemonium: Depths:2

Annotations:
D:3 1 transporter, exclusion: downstairs, Grinder
D:7 exclusion: downstairs
D:11 1 runed translucent door, exclusion: downstairs, MrCrawl's ghost, journeyman DrFE
D:12 exclusions: tormentor and 3 more exclusions
D:13 exclusion: 2 downstairs
Temple 4 transporters
Shoals:2 exclusion: 2 ice statues
Spider:1 Asterion
Elf:1 3 runed translucent doors
Elf:2 3 runed translucent doors
Vaults:4 20 runed translucent doors
Dis:7 1 exclusion


Innate Abilities, Weirdness & Mutations

You are a living statue of rough stone.
Your actions are slow, but your melee attacks are powerful.
You are resistant to unholy torment.
Your maximum health is greatly increased.
Your equipment is partially melded.
You are immune to poison.
Armour fits poorly on your strangely shaped body.


Message History

Grinder gestures at you. You resist with almost no effort.
You clumsily bash Grinder but do no damage.
Grinder closely misses you. x2
You clumsily bash Grinder but do no damage.
Grinder hits you but does no damage. Grinder barely misses you.
A green death comes into view.
You clumsily bash Grinder but do no damage.
Grinder blinks!
Grinder blinks!
The green death gestures at you.
The poison arrow hits you but does no damage.
An Orb Guardian comes into view.
There is a stone staircase leading up here.
You fly upwards.
There is a stone staircase leading down here.
You feel clever.
Your fists tingle!
w - the +9 mace "Roext" (weapon)
{speed, rF+ rC+ Int+2}
There is a stone staircase leading up here.
You fly upwards.
There is a stone staircase leading down here.
An Orb Guardian comes into view.
Aiming: Dig
Press: ? - help, Shift-Dir - straight line, f - you Please select a direction to dig.
This square is covered in magical glow.
The rock shatters into small pieces.
Blink to where?
Press: ? - help, Dir - move target
As you read the scroll of blinking {@r4}, it crumbles to dust.
Blink to where?
Press: ? - help, Dir - move target
As you read the scroll of blinking {@r4}, it crumbles to dust.
The bat hits you but does no damage.
Unknown command.
Unknown command.
Unknown command.
The bat barely misses you. The bat closely misses you.
You have escaped!

######.######.##.############.##.
.......######.##.####### #.##.
..###..##.......X......# #.##.
..# #..##..............######.##.
).# #..##..#####.+###..##........
.#####.##..#........#..#####..###
...........#........#..# #..#
.########..#........+..# #..# .#
#..#...b8...#..# #..# .#
#..+........#..#####..# .#
#..#........#.....##..### .#
#..#........#..##.##..... .#
#..###'######..##..#.###. .#
#.............^###.#.# #. .#
#..............###.#.# #. .######
##########†######....# #. ......#
### #.########### #.


You could see an Orb Guardian and a bat.

Vanquished Creatures
  Ignacio (Pan)
  Lom Lobon (Pan)
  the Serpent of Hell (Tar:7)
  A dread lich (Tar:2)
  An orb of fire (Zot:5)
  5 royal mummies (Tomb:1)
  2 shard shrikes
  A caustic shrike (Dis:6)
  5 profane servitors
  A golden dragon (Depths:3)
  2 bone dragons
  4 Tzitzimimeh
  A spectral shard shrike (Tar:7)
  A doom hound (Crypt:3)
  3 Ice Fiends (Coc:7)
  2 tainted leviathans
  An Orb Guardian (Zot:5)
  2 deep elf master archers (Elf:3)
  2 ancient champions
  2 tentacled starspawn (Abyss:5)
  2 death cobs
  A storm dragon (Zot:5)
  A shadow dragon (Zot:5)
  A frost giant (Coc:5)
  2 draconian knights (Zot:3)
  3 draconian shifters
  A fire giant (Vaults:3)
  2 revenants
  2 draconian scorchers
  2 narguns
  A curse skull (Crypt:3)
  A vault warden (Vaults:3)
  2 shard shrike simulacra
  An orc warlord (Orc:2)
  4 ghost moths
  3 broodmothers
  A formless jellyfish (Slime:4)
  A very ugly thing (Vaults:3)
  3 ironbound preservers (Vaults:4)
  2 draconian annihilators (Zot:3)
  2 putrid mouths
  11 elemental wellsprings
  A green draconian (Zot:5)
  A deep elf demonologist (Elf:3)
  Nessos (D:12)
  2 red draconians
  A yellow draconian (Zot:5)
  4 wendigos
  3 spark wasps
  A white draconian (Zig:12)
  A minotaur (Shoals:3)
  A war gargoyle (Vaults:3)
  A green death (Abyss:5)
  An eidolon (Tar:7)
  An ettin (Orc:2)
  A spectral quicksilver dragon (Tar:6)
  2 merfolk impalers
  3 jiangshi
  An entropy weaver (Spider:1)
  A spectral kraken (Tar:7)
  3 yaktaur captains
  A great orb of eyes (shapeshifter) (Abyss:5)
  2 vault guards
  5 hydras
  A spectral spriggan (Tar:2)
  2 caustic shrike simulacra
  3 ironbound frosthearts (Vaults:2)
  2 juggernaut simulacra
  An ogre mage (D:13)
  2 catoblepae
  A boulder beetle (D:15)
  2 merfolk aquamancers (Shoals:3)
  5 centaur warriors
  4 radroaches
  4 two-headed ogres
  2 alligator snapping turtles (Shoals:3)
  3 dancing weapons
  8 death yaks (Lair:5)
  A deep troll shaman (Lair:5)
  3 death knights
  9 death scarabs (Tomb:1)
  4 tengu warriors
  3 orc high priests
  2 spectral nagas
  2 thrashing horrors (Abyss:5)
  2 demonic crawlers (Spider:4)
  A shock serpent (shapeshifter) (Elf:1)
  3 deep elf knights
  2 hell knights (Hell)
  A storm dragon zombie (Tomb:1)
  5 skysharks
  A shadow wraith (Hell)
  7 skeletal warriors
  An anaconda zombie (Crypt:3)
  10 sea snakes
  A death drake (Abyss:5)
  4 deep trolls (Vaults:4)
  2 quicksilver dragon simulacra
  A sun moth (Spider:1)
  An orb spider (Spider:4)
  A cherub (Shoals:4)
  A flayed ghost (Crypt:2)
  An arcanist (Vaults:1)
  A spriggan simulacrum (Coc:2)
  5 deep elf archers (Elf:2)
  3 large abominations (Abyss:5)
  A phantasmal warrior (Crypt:2)
  7 deep elf pyromancers
  3 deep elf zephyrmancers
  A lindwurm (Lair:5)
  7 harpies
  A necromancer (Hell)
  An ironbound convoker (Vaults:2)
  14 wolf spiders
  4 ugly things
  4 cyclopes
  8 orc sorcerers
  11 manticores
  8 fauns
  A salamander (Depths:1)
  2 meliai (Shoals:3)
  2 merfolk sirens
  5 kobold blastminers (Orc:1)
  2 moths of wrath
  A stone giant skeleton (Depths:1)
  A vault sentinel (Vaults:4)
  23 elephants
  Joseph (D:9)
  3 water nymphs
  A torpor snail (Lair:5)
  A spectral swamp worm (Tar:7)
  A naga zombie (Crypt:3)
  2 orange demons (Orc:2)
  9 cane toads
  Jeremiah (D:9)
  2 gargoyles
  An efreet (D:13)
  7 hellions
  7 rime drakes
  A tormentor (Geh:3)
  A golden dragon simulacrum (Coc:5)
  6 anaconda simulacra
  9 komodo dragons
  A tengu conjurer (D:15)
  A kobold demonologist (D:11)
  A guardian mummy (Crypt:1)
  A catoblepas skeleton (Crypt:2)
  2 yaktaurs
  2 freezing wraiths
  4 unseen horrors (Abyss:5)
  2 iron giant simulacra (Coc:6)
  2 ancient zymes (Abyss:5)
  A spectral harpy (Tar:7)
  11 merfolk
  5 trolls
  9 tarantellas
  A wolf spider simulacrum (D:15)
  A hornet (D:9)
  6 polar bears
  4 wind drakes
  A dream sheep (Shoals:4)
  11 blink frogs
  4 raiju (Abyss:5)
  6 jumping spiders
  A jumping spider (shapeshifter) (Abyss:5)
  10 culicivoras
  A shadow (D:11)
  6 slime creatures
  2 vampires (Crypt:3)
  An ushabti (Tomb:1)
  A wraith (Crypt:2)
  A ynoxinul (Abyss:5)
  37 yaks
  A spriggan (Depths:2)
  A hog (D:13)
  A neqoxec (Abyss:5)
  2 wyverns
  5 water elementals
  3 dire elephant simulacra
  6 basilisks
  17 redbacks
  4 vampire mosquitoes
  A fire elemental (Elf:2)
  An elf skeleton (Vaults:2)
  A warg (Orc:2)
  A steam dragon (Lair:4)
  A swamp worm (shapeshifter) (Abyss:5)
  9 harpy simulacra
  8 water moccasins
  An acid dragon (D:11)
  A two-headed ogre skeleton (Crypt:2)
  23 nameless horrors
  3 ettin simulacra
  7 laughing skulls
  20 orc warriors
  3 black bears
  6 ogres
  5 boggarts
  9 centaurs
  16 wolves
  A phantom (D:5)
  9 bullfrogs
  7 kobold brigands
  A gnoll sergeant (D:12)
  6 scorpions
  4 wights
  8 killer bees
  5 howler monkeys
  2 bombardier beetles
  2 electric eels
  2 human simulacra (Vaults:2)
  A human zombie (Crypt:1)
  A jelly (Lair:4)
  25 orc priests
  11 starcursed masses (Abyss:5)
  5 hounds
  40 orc wizards
  A human skeleton (Crypt:1)
  3 sleepcaps
  Jessica (D:2)
  4 iguanas
  5 hell rats
  4 mummies
  5 adders
  8 gnolls
  2 ribbon worms
  A dart slug (D:5)
  66 orcs
  6 bats
  8 endoplasms
  3 giant cockroaches
  11 goblins
  4 hobgoblins
  4 jackals (D:1)
  3 quokkas
  4 ball pythons
  3 frilled lizards
  20 kobolds
  5 rats
  2 lurking horrors (Abyss:5)
  A snaplasher vine (Vaults:4)
  3 starspawn tentacles (Abyss:5)
  3 tentacles (Tar:7)
1006 creatures vanquished.

Vanquished Creatures (collateral kills)
  Asmodeus (Geh:7)
  Antaeus (Coc:7)
  Gloorx Vloq (Pan)
  Dissolution (Slime:4)
  the Royal Jelly (Slime:5)
  Mnoleg (Pan)
  Khufu (Crypt:2)
  2 dread liches
  5 orbs of fire (Zot:5)
  8 ancient liches
  Mennas (Crypt:3)
  Xtahua (Depths:3)
  3 juggernauts (Dis:7)
  Sojobo (Depths:1)
  Josephina (Depths:3)
  3 royal mummies
  8 pandemonium lords
  6 Killer Klowns
  12 shard shrikes
  Vv (Depths:2)
  Saint Roka (Vaults:4)
  A curse toe (Zot:5)
  Margery (Crypt:2)
  30 caustic shrikes
  Jory (Vaults:2)
  Geryon (Hell)
  the Enchantress (Depths:2)
  14 profane servitors
  Norris (Vaults:2)
  9 golden dragons
  12 bone dragons
  A shard shrike zombie (Crypt:3)
  11 doom hounds
  Arachne (Spider:3)
  10 Brimstone Fiends
  18 Tzitzimimeh
  2 electric golems
  6 iron giants
  A spectral shard shrike (Tar:7)
  9 tentacled monstrosities
  7 hellephants
  17 tainted leviathans
  A lich (Depths:2)
  Grunn (Crypt:3)
  13 Hell Sentinels
  3 deep elf blademasters
  5 quicksilver dragons
  17 acid blobs
  22 Orb Guardians (Zot:5)
  15 Ice Fiends
  21 titans
  10 searing wretches
  17 Executioners
  3 death cobs
  5 eldritch tentacles
  9 sphinxes
  Kirke (D:14)
  25 ancient champions
  2 tentacled starspawn
  8 shadow dragons
  11 tengu reavers
  2 revenants (Crypt:2)
  Donald (Vaults:2)
  11 storm dragons
  4 demonspawn warmongers (Pan)
  10 azure jellies
  6 protean progenitors
  6 draconian monks
  A fenstrider witch (shapeshifter) (Zig:9)
  3 nagarajas
  3 fenstrider witches
  6 draconian knights
  13 narguns
  12 rockslimes
  15 fire giants
  10 deep elf sorcerers
  26 balrugs
  8 draconian shifters
  13 vault wardens
  10 iron dragons
  4 shard shrike simulacra
  A draconian stormcaller (Zot:4)
  5 draconian scorchers
  12 frost giants
  2 emperor scorpions
  16 ironbound preservers
  5 quicksilver elementals
  4 deep elf elementalists (Elf:3)
  22 reapers
  15 cacodemons
  2 draconian annihilators
  8 ghost moths
  2 spectral juggernauts
  An angel (Shoals:4)
  A spectral caustic shrike (Tar:7)
  4 spriggan defenders
  5 ghouls
  2 curse skulls (Pan)
  5 demonspawn blood saints
  3 caustic shrike skeletons (Pan)
  8 quicksilver oozes
  3 juggernaut skeletons (Pan)
  4 ironbound thunderhulks
  A quicksilver ooze (shapeshifter) (Abyss:5)
  8 demonspawn corrupters (Pan)
  6 formless jellyfish
  6 very ugly things
  The ghost of dakkaduck the Severer, a journeyman MiBe of Trog (Lair:3)
  13 stone giants
  14 vampire knights
  5 demonspawn black suns (Pan)
  An apis (Shoals:4)
  15 deep elf death magi
  14 elemental wellsprings
  An eleionoma (Zig:11)
  26 putrid mouths
  5 green draconians
  9 purple draconians
  6 lorocyprocas (Pan)
  3 deep elf demonologists
  4 black draconians
  2 bennus (Tomb:1)
  33 war gargoyles
  18 wendigos
  2 dire elephants (Vaults:2)
  12 deep elf annihilators
  2 bunyips (Zig:11)
  6 red draconians
  7 yellow draconians
  2 spectral titans (Tar:7)
  A spark wasp (Spider:1)
  6 crystal guardians
  3 white draconians
  9 starcursed masses
  17 iron golems
  12 ettins
  4 eidola
  13 green deaths
  2 entropy weavers
  2 spectral quicksilver dragons
  5 jiangshi
  9 blizzard demons
  2 shambling mangroves (Zig:11)
  A quicksilver dragon zombie (Crypt:3)
  9 yaktaur captains
  3 merfolk impalers
  5 fire dragons (Depths:3)
  A spectral iron giant (Tar:4)
  6 merfolk javelineers
  2 deep elf high priests
  6 rakshasas
  15 great orbs of eyes
  9 salamander tyrants
  2 spectral golden dragons
  A great orb of eyes (shapeshifter) (Abyss:5)
  6 ice dragons
  3 jorogumos (Pan)
  4 spectral spriggans
  45 vault guards
  A fenstrider witch zombie (Crypt:3)
  3 spriggan zombies
  2 hydras
  7 caustic shrike simulacra
  A merfolk avatar (Shoals:2)
  4 peacekeepers
  2 ogre magi
  A spectral shadow dragon (Tar:2)
  A spriggan skeleton (Crypt:3)
  2 radroaches
  10 ironbound frosthearts
  4 hell beasts
  9 centaur warriors
  8 spriggan air magi
  An alligator snapping turtle (Shoals:4)
  A death knight (D:12)
  7 merfolk aquamancers
  2 juggernaut simulacra
  4 boulder beetles
  3 death scarabs (Tomb:1)
  A death yak (Shoals:4)
  2 satyrs
  2 alligators (Zig:11)
  7 tengu warriors
  A two-headed ogre (shapeshifter) (Elf:3)
  3 stokers
  3 deep troll shamans
  2 deep troll earth magi
  A spectral dire elephant (Tar:1)
  22 hell hogs
  An occultist (Depths:3)
  15 dancing weapons
  6 demonic crawlers
  2 spriggan berserkers
  2 orc high priests (Vaults:4)
  3 spectral emperor scorpions (Pan)
  4 spectral nagas
  3 vampire magi
  24 soul eaters
  2 spectral storm dragons (Tar:1)
  28 hell knights
  7 thrashing horrors (Abyss:5)
  3 naga sharpshooters
  10 crystal echidnas
  5 deep elf knights
  4 hellephant skeletons (Pan)
  7 wretched stars
  33 sun demons
  2 skysharks (shapeshifter) (Vaults:5)
  14 sixfirhies
  An iron troll (shapeshifter) (Zig:9)
  12 shadow wraiths
  3 iron trolls
  4 skysharks (Vaults:2)
  A spatial maelstrom (Abyss:5)
  3 goliath frogs (Zig:11)
  20 large abominations
  5 pharaoh ants
  A spectral anaconda (Tar:2)
  A bunyip zombie (Crypt:3)
  2 bog bodies (Crypt:2)
  A glowing orange brain (shapeshifter) (Vaults:5)
  A golden dragon zombie (Crypt:3)
  4 cherubim
  8 orb spiders
  6 quicksilver dragon simulacra
  6 deep elf archers
  5 sea snakes
  27 skeletal warriors
  3 arcanists
  A deep troll (shapeshifter) (Vaults:3)
  19 shadow demons
  23 deep trolls
  2 spectral iron dragons
  3 glowing orange brains
  An anaconda skeleton (Hell)
  5 flayed ghosts
  2 spriggan druids (Zig:11)
  3 swamp dragons
  2 spriggan simulacra
  A tengu zombie (Vaults:2)
  A naga ritualist (Zig:5)
  A spectral hydra (Tar:4)
  A fenstrider witch simulacrum (Coc:1)
  2 steelbarb worms (Spider:4)
  An obsidian statue (Zot:5)
  12 ironbound convokers
  A golden dragon skeleton (Crypt:1)
  5 sun moths
  2 lindwurms (Vaults:2)
  13 deep elf pyromancers
  9 deep elf zephyrmancers
  An alligator zombie (Hell)
  2 bunyip skeletons (Crypt:3)
  14 wolf spiders
  2 orc knights (Vaults:4)
  4 harpies (Shoals:3)
  A fire giant zombie (Depths:1)
  12 necromancers
  A sphinx simulacrum (Depths:3)
  An iron giant skeleton (Crypt:3)
  2 fauns (Shoals:3)
  12 phantasmal warriors
  2 spectral ettins
  5 manticores
  2 shining eyes
  3 orc sorcerers
  5 cyclopes
  2 spectral centaurs
  12 ugly things
  An alligator skeleton (Crypt:2)
  A guardian serpent (shapeshifter) (Vaults:3)
  13 moths of wrath
  16 vault sentinels
  4 merfolk sirens
  6 black mambas
  2 elephants (Shoals:3)
  A frost giant skeleton (Depths:1)
  13 rust devils
  49 smoke demons
  4 meliai
  An apocalypse crab (Abyss:5)
  7 titan simulacra
  4 gargoyles (Crypt:3)
  3 naga magi
  7 eyes of devastation
  8 ice statues
  An eye of devastation (shapeshifter) (Vaults:5)
  20 orange demons
  A shock serpent skeleton (Crypt:2)
  11 molten gargoyles
  3 water nymphs
  26 hellions
  6 cane toads
  6 torpor snails
  7 spectral swamp worms (Tar:7)
  4 unseen horrors (Abyss:5)
  A bunyip simulacrum (Coc:1)
  11 tormentors
  A komodo dragon (Lair:5)
  4 anaconda simulacra
  An efreet (Pan)
  27 yaktaurs
  7 guardian mummies
  10 ice devils
  5 ancient zymes (Abyss:5)
  7 tengu conjurers
  3 harpy zombies
  2 merfolk (shapeshifter) (Zig:9)
  6 freezing wraiths
  4 red devils (Pan)
  A polar bear (shapeshifter) (D:15)
  2 spectral harpies
  A hydra zombie (Crypt:1)
  25 hellwings
  A polar bear (Lair:4)
  An iron giant simulacrum (Coc:4)
  11 merfolk
  An alligator simulacrum (Hell)
  A harpy skeleton (Crypt:3)
  2 tengu simulacra
  4 hornets
  A tyrant leech (Zig:11)
  3 wind drakes
  5 nameless horrors
  A shadow dragon simulacrum (Coc:1)
  A moth of wrath zombie (Crypt:2)
  10 tarantellas
  A raiju (shapeshifter) (Zig:8)
  A hydra skeleton (Crypt:2)
  8 snapping turtles
  3 raiju
  A snapping turtle (shapeshifter) (Vaults:5)
  3 glass eyes
  A slime creature (shapeshifter) (Vaults:3)
  6 dream sheep (Shoals:4)
  19 jumping spiders
  64 slime creatures
  3 air elementals
  3 spriggans (Depths:2)
  7 water elementals
  10 culicivoras
  A jumping spider (shapeshifter) (Depths:4)
  2 alligator snapping turtle simulacra
  4 wraiths
  2 vampires (Crypt:3)
  20 ynoxinuls
  3 fire elementals
  A warg (Orc:2)
  A yak (shapeshifter) (D:14)
  4 golden eyes
  2 basilisks (Lair:4)
  3 wyverns
  A hog (D:14)
  A dire elephant simulacrum (Coc:2)
  26 redbacks
  19 neqoxecs
  A vampire mosquito (D:12)
  4 harpy simulacra
  A swamp worm (shapeshifter) (Vaults:3)
  3 nagas (Zig:5)
  2 redbacks (shapeshifter)
  15 chaos spawn
  An acid dragon (shapeshifter) (D:14)
  A naga zombie (Crypt:3)
  A spatial vortex (Abyss:5)
  2 hydra simulacra
  2 water moccasins
  An orc warrior (Orc:1)
  2 wolves (Lair:5)
  23 laughing skulls
  3 ettin simulacra (Coc:7)
  2 small abominations (Abyss:5)
  A lindwurm skeleton (Crypt:2)
  A bullfrog (Lair:1)
  A brain worm (Abyss:5)
  4 earth elementals
  5 necrophages (Crypt:1)
  A human simulacrum (Depths:3)
  2 naga simulacra (Coc:6)
  2 jellies (Lair:4)
  3 orc priests
  A boggart zombie (Crypt:1)
  5 orc wizards
  A human skeleton (Crypt:1)
  8 hell rats
  6 mummies
  A naga skeleton (Crypt:2)
  An orc (Orc:1)
  A bat zombie (Crypt:2)
  A dart slug zombie (Crypt:2)
  4 aspiring fleshes
  A ball lightning (Pan)
  5 creeping infernos
  9 fire vortices
  A foxfire (D:4)
  2 starspawn tentacles (Zig:6)
2457 creatures vanquished.

Vanquished Creatures (others)
  A shard shrike (Coc:2)
  An electric golem (Zot:5)
  A tentacled monstrosity (Vaults:5)
  49 eldritch tentacles
  A draconian knight (Zig:10)
  A nagaraja (Pan)
  A draconian scorcher (Depths:4)
  A ghost moth (Zot:3)
  A shard shrike simulacrum (Coc:6)
  A very ugly thing (Abyss:5)
  A yellow draconian (Zot:3)
  A lorocyproca (Pan)
  2 caustic shrike simulacra (Coc:7)
  A juggernaut simulacrum (Depths:3)
  A vampire mage (Crypt:2)
  A stoker (Geh:7)
  A thrashing horror (Abyss:5)
  2 soul eaters
  A sun demon (Pan)
  A quicksilver dragon simulacrum (Coc:4)
  A sun moth (Pan)
  A necromancer (Hell)
  2 deep elf zephyrmancers (Elf:1)
  A nameless horror (Elf:2)
  A titan simulacrum (Coc:2)
  A slime creature (Slime:2)
  A tormentor (Coc:7)
  A bunyip simulacrum (Coc:2)
  A troll (Elf:3)
  A stone giant simulacrum (Coc:6)
  A neqoxec (Pan)
  2 harpy simulacra (Coc:6)
  An orc wizard (Orc:2)
  13 ball lightnings (Pan)
  100 blazeheart cores
  3 fire vortices
  394 foxfires
  4 lurking horrors (Abyss:5)
  73 snaplasher vines
  7 starspawn tentacles
  A tentacle (Tar:7)
680 creatures vanquished.

Grand Total: 4143 creatures vanquished

Notes
Turn   | Place    | Note
-------+----------+-------------------------------------------
     0 | D:1      | Sergey the Hill Orc Wanderer began the quest for the Orb.
     0 | D:1      | Sergey set off with the following items: a +0 spear, a +0
                  | pair of boots, a potion of haste {@q5}, a +0 leather
                  | armour; and the following spell memorised: Foxfire; and the
                  | following spells available to memorise: Ignite Poison,
                  | Sticky Flame.
     0 | D:1      | Reached XP level 1. HP: 14/14 MP: 2/2
   173 | D:1      | Reached skill level 1 in Conjurations
   344 | D:1      | Reached XP level 2. HP: 22/22 MP: 0/3
   622 | D:1      | Reached skill level 1 in Fighting
  1059 | D:2      | Reached XP level 3. HP: 28/28 MP: 2/4
  1109 | D:2      | Noticed Jessica
  1119 | D:2      | Killed Jessica
  1124 | D:2      | Reached XP level 4. HP: 36/36 MP: 0/6
  1237 | D:2      | Identified the +3 leather armour "Wall" {rC+ Int+2}
  1246 | D:2      | Reached skill level 2 in Spellcasting
  1342 | D:2      | Found a faded altar of an unknown god.
  1827 | D:3      | Found a transporter.
  1828 | D:3      | Identified the +5 dire flail "Orghowut" {vamp, rF++}
  1828 | D:3      | Noticed an ogre
  1829 | D:3      | Noticed an ogre
  2185 | D:3      | Reached skill level 5 in Fire Magic
  2185 | D:3      | Reached XP level 5. HP: 45/45 MP: 1/8
  2298 | D:3      | Noticed Grinder
  2495 | D:4      | Noticed a black bear
  2538 | D:3      | Paralysed by Grinder for 4 turns
  2817 | D:4      | Found a staircase to the Ecumenical Temple.
  2826 | Temple   | Found a transporter.
  2826 | Temple   | Found a transporter.
  2826 | Temple   | Found a transporter.
  2826 | Temple   | Found a transporter.
  2826 | Temple   | Entered the Ecumenical Temple
  2844 | Temple   | Became a worshipper of Sif Muna the Loreminder
  3067 | D:4      | Reached XP level 6. HP: 55/55 MP: 5/9
  3113 | D:4      | Killed a black bear
  3114 | D:4      | Reached skill level 5 in Fighting
  3149 | D:4      | Found a sparkling altar of Nemelex Xobeh.
  3223 | D:5      | Entered Level 5 of the Dungeon
  3270 | D:5      | Learned a level 4 spell: Sticky Flame
  3411 | D:5      | Reached skill level 1 in Alchemy
  3411 | D:5      | Reached XP level 7. HP: 61/61 MP: 6/10
  3443 | D:5      | Identified the +9 mace "Roext" {speed, rF+ rC+ Int+2}
  4083 | D:6      | Found a shimmering altar of Xom.
  4084 | D:6      | Found a broken altar of Ashenzari.
  4304 | D:6      | Reached XP level 8. HP: 65/68 MP: 5/11
  4453 | D:6      | Found a shadowy altar of Dithmenos.
  4479 | D:6      | Reached * piety under Sif Muna
  4542 | D:6      | Reached skill level 3 in Spellcasting
  4889 | D:7      | Identified a scroll of acquirement
  4891 | D:7      | Acquired Feliod's Compilation of Incandescent Venom
  4898 | D:7      | Learned a level 4 spell: Olgreb's Toxic Radiance
  4987 | D:7      | Reached skill level 5 in Alchemy
  5383 | D:8      | Reached XP level 9. HP: 74/74 MP: 5/14
  5428 | D:8      | Reached skill level 4 in Spellcasting
  5573 | D:8      | Learned a level 4 spell: Ignite Poison
  5713 | D:8      | Noticed a two-headed ogre
  5749 | D:8      | Killed a two-headed ogre
  5750 | D:8      | Reached skill level 5 in Spellcasting
  5750 | D:8      | Reached skill level 6 in Spellcasting
  5755 | D:8      | Learned a level 4 spell: Summon Blazeheart Golem
  5946 | D:8      | Identified the +9 long sword "Xirual" {spect, rF+ Str+4}
  5976 | D:9      | Noticed Jeremiah
  5985 | D:9      | Killed Jeremiah
  5986 | D:9      | Reached skill level 1 in Summonings
  6051 | D:9      | Noticed a hornet
  6063 | D:9      | Killed a hornet
  6071 | D:9      | Reached XP level 10. HP: 62/81 MP: 8/19
  6134 | D:9      | Reached ** piety under Sif Muna
  6291 | D:9      | Found a staircase to the Orcish Mines.
  6387 | D:9      | Noticed Joseph
  6397 | D:9      | Killed Joseph
  6620 | D:9      | Reached skill level 5 in Invocations
  6657 | D:10     | Entered Level 10 of the Dungeon
  6657 | D:10     | Found a radiant altar of Vehumet.
  6724 | D:10     | Found a glowing silver altar of Zin.
  6726 | D:10     | Found an iron altar of Okawaru.
  6768 | D:10     | Got the Secrets of Heated Correspondence
  6815 | D:10     | Reached skill level 5 in Summonings
  6926 | D:10     | Found a portal to a secret trove of treasure.
  6958 | D:10     | Noticed a two-headed ogre
  6973 | D:10     | Killed a two-headed ogre
  7173 | D:11     | Reached XP level 11. HP: 89/89 MP: 3/20
  7182 | D:11     | Reached skill level 1 in Translocations
  7190 | D:10     | Learned a level 5 spell: Summon Forest
  7330 | D:11     | Noticed a cyclops
  7340 | D:11     | Killed a cyclops
  7405 | D:11     | Noticed MrCrawl's ghost (journeyman DrFE)
  7412 | D:11     | Found a runed translucent door.
  7490 | D:11     | Reached *** piety under Sif Muna
  7645 | D:11     | Found a staircase to the Lair.
  7757 | D:12     | Noticed a manticore
  7783 | D:12     | Killed a manticore
  7784 | D:12     | Reached skill level 5 in Translocations
  7839 | D:12     | Noticed a skeletal warrior
  7863 | D:12     | Noticed a skeletal warrior
  7878 | D:12     | Noticed a death knight
  7896 | D:12     | Noticed Nessos
  7957 | Orc:1    | Entered Level 1 of the Orcish Mines
  8244 | Orc:2    | Entered Level 2 of the Orcish Mines
  8330 | Orc:2    | Found a staircase to the Elven Halls.
  8349 | Orc:2    | Reached **** piety under Sif Muna
  8551 | Orc:2    | Noticed an orc high priest
  8557 | Orc:2    | Killed an orc high priest
  8613 | Orc:2    | Noticed an orc sorcerer
  8624 | Orc:2    | Killed an orc sorcerer
  8625 | Orc:2    | Reached XP level 12. HP: 103/104 MP: 0/21
  8918 | Orc:2    | Noticed an orc high priest
  8923 | Orc:2    | Killed an orc high priest
  8924 | Orc:2    | Reached skill level 7 in Spellcasting
  8979 | Orc:2    | Reached ***** piety under Sif Muna
  9016 | Orc:2    | Reached skill level 10 in Fighting
  9062 | Orc:2    | Found Ogatzun's Weapon Shop.
  9062 | Orc:2    | Found Hinwash's Book Boutique.
  9063 | Orc:2    | Found Ucyepabb's Magic Scroll Boutique.
  9068 | Orc:2    | Found Efixzaic's Antique Armour Shop.
  9071 | Orc:2    | Bought 3 scrolls of butterflies for 216 gold pieces
  9074 | Orc:2    | Bought a pair of glowing gloves for 165 gold pieces
  9080 | Orc:2    | Bought a scroll of enchant armour for 135 gold pieces
  9080 | Orc:2    | Bought a scroll of teleportation for 54 gold pieces
  9080 | Orc:2    | Bought a scroll of teleportation for 54 gold pieces
  9082 | Orc:2    | Bought a book of Party Tricks for 308 gold pieces
  9084 | Orc:2    | Learned a level 1 spell: Apportation
  9087 | Orc:2    | Learned a level 2 spell: Blink
  9119 | Orc:2    | Noticed an orc warlord
  9160 | Orc:2    | Killed an orc warlord
  9161 | Orc:2    | Reached skill level 8 in Spellcasting
  9250 | Orc:2    | Noticed an ettin
  9269 | Orc:2    | Killed an ettin
  9954 | Lair:1   | Entered Level 1 of the Lair of Beasts
  9974 | Lair:1   | Received a gift from Sif Muna
  9975 | Lair:1   | Got Sif Muna's Handbook of Floating Bodies {god gift}
 10019 | Lair:1   | Reached skill level 5 in Evocations
 10029 | Lair:1   | Reached XP level 13. HP: 113/113 MP: 2/25
 10233 | Lair:1   | Found a transporter.
 10337 | Lair:1   | Reached skill level 1 in Maces & Flails
 10389 | Lair:1   | Reached skill level 1 in Necromancy
 10410 | Lair:1   | Learned a level 2 spell: Sublimation of Blood
 10466 | Lair:1   | Found a transporter.
 11317 | Lair:3   | Found a runed translucent gate.
 11460 | Lair:3   | Found a hole to the Spider Nest.
 11483 | Lair:3   | Found a hide-covered altar of Uskayaw.
 11570 | Lair:3   | Found a staircase to the Shoals.
 11956 | Lair:4   | Reached skill level 9 in Spellcasting
 11979 | Lair:4   | Reached XP level 14. HP: 125/125 MP: 9/27
 12111 | Lair:4   | Found a viscous altar of Jiyva.
 12118 | Lair:4   | Found a staircase to the Slime Pits.
 12371 | Lair:5   | Entered Level 5 of the Lair of Beasts
 12406 | Lair:5   | Reached skill level 10 in Summonings
 12419 | Lair:5   | Reached skill level 5 in Necromancy
 12477 | Lair:5   | Received a gift from Sif Muna
 12478 | Lair:5   | Got Sif Muna's Catalogue of Inflammable Cadavers {god gift}
 12755 | Lair:5   | Reached skill level 10 in Spellcasting
 13267 | Lair:5   | Got an earthy gem with 407 turns to spare
 13298 | Lair:5   | Received a gift from Sif Muna
 13299 | Lair:5   | Got Birr's Reference Book on Creation and Displacement {god
                  | gift}
 13918 | D:12     | Reached XP level 15. HP: 132/132 MP: 24/29
 14064 | D:12     | Killed Nessos
 14894 | D:13     | Paralysed by an ogre mage for 2 turns
 15480 | D:14     | Noticed Kirke
 15569 | D:14     | Learned a level 7 spell: Summon Hydra
 15985 | D:14     | Reached skill level 11 in Spellcasting
 16112 | D:14     | Found a white marble altar of Elyvilon.
 16141 | D:14     | Killed Kirke
 16211 | D:15     | Entered Level 15 of the Dungeon
 16570 | Lair:1   | Received a gift from Sif Muna
 16685 | Shoals:1 | Entered Level 1 of the Shoals
 16689 | Shoals:1 | Reached ****** piety under Sif Muna
 16941 | Shoals:1 | Learned a level 4 spell: Summon Lightning Spire
 17097 | Shoals:1 | Reached XP level 16. HP: 139/139 MP: 24/31
 17315 | Shoals:2 | Found a glacial archway.
 17461 | Shoals:2 | Reached skill level 12 in Spellcasting
 17592 | Shoals:2 | Received a gift from Sif Muna
 17593 | Shoals:2 | Got Sif Muna's Atlas of Called Formulae {god gift}
 17912 | Shoals:3 | Reached skill level 15 in Summonings
 18525 | Shoals:3 | Found a hide-covered altar of Uskayaw.
 18582 | Shoals:4 | Entered Level 4 of the Shoals
 18593 | Shoals:4 | Reached skill level 10 in Invocations
 18768 | Shoals:4 | Found a white marble altar of Elyvilon.
 18832 | Shoals:4 | Received a gift from Sif Muna
 18833 | Shoals:4 | Got Sif Muna's Advanced Steps in Mysticism {god gift}
 18906 | Shoals:4 | Reached XP level 17. HP: 146/146 MP: 10/33
 19154 | Shoals:4 | Found a glowing golden altar of the Shining One.
 19224 | Shoals:4 | Found a glowing silver altar of Zin.
 19421 | Shoals:4 | Got a barnacled rune of Zot
 19634 | Spider:1 | Entered Level 1 of the Spider Nest
 19852 | Spider:1 | Noticed Asterion
 20057 | Spider:2 | Reached skill level 1 in Shapeshifting
 20245 | Spider:2 | Received a gift from Sif Muna
 20246 | Spider:2 | Got Sif Muna's Anthology of the Discharge {god gift}
 20547 | Spider:3 | Noticed Arachne
 20553 | Spider:3 | Reached skill level 5 in Shapeshifting
 20563 | Spider:3 | Killed Arachne
 20871 | Spider:4 | Entered Level 4 of the Spider Nest
 20917 | Spider:4 | Reached XP level 18. HP: 139/158 MP: 8/34
 21107 | Spider:4 | Received a gift from Sif Muna
 21108 | Spider:4 | Got Sif Muna's Cyclopedia of the Polluted Salvo {god gift}
 21115 | Spider:4 | Learned a level 5 spell: Irradiate
 21391 | Spider:4 | Reached skill level 5 in Conjurations
 21612 | Spider:4 | Got a milky-white gem with 441 turns to spare
 21620 | Spider:4 | Got a gossamer rune of Zot
 21631 | Spider:4 | Identified the +0 pair of gloves of Vehumet's Castigation
                  | {Stlth+}
 21984 | D:13     | Found a gate to the Vaults.
 22123 | Elf:1    | Entered Level 1 of the Elven Halls
 22123 | Elf:1    | Found a runed translucent gate.
 22123 | Elf:1    | Found a runed translucent gate.
 22123 | Elf:1    | Found a runed translucent gate.
 22123 | Elf:1    | Found a runed translucent gate.
 22123 | Elf:1    | Found a runed translucent gate.
 22123 | Elf:1    | Found a runed translucent gate.
 22124 | Elf:1    | Found a runed translucent door.
 22780 | Elf:2    | Reached skill level 10 in Shapeshifting
 22828 | Elf:2    | Paralysed by an air elemental for 1 turns
 22831 | Elf:2    | Received a gift from Sif Muna
 22981 | Elf:2    | Found a runed translucent gate.
 22981 | Elf:2    | Found a runed translucent gate.
 22982 | Elf:2    | Found a runed translucent gate.
 23012 | Elf:3    | Entered Level 3 of the Elven Halls
 23031 | Elf:3    | Reached XP level 19. HP: 160/165 MP: 19/35
 24061 | Elf:3    | Noticed an Ice Fiend
 24229 | Elf:3    | Identified the +6 scimitar "Bemaus" {drain, rF+ rC- Will+
                  | Int+4}
 24229 | Elf:3    | Identified the amulet of Raopiaho {RegenMP Int+3}
 24292 | Elf:3    | Identified the +3 plate armour "Kabbogh" {rN+ Will- Int+6
                  | Slay+2}
 24430 | Elf:3    | Identified the +2 pair of boots of Ethics {rPois rCorr}
 24455 | Elf:3    | Identified the staff of the Skies Above {rF+ Earth}
 24460 | Elf:3    | Identified the staff of Hell's Wrath {Fly rPois Alchemy}
 24461 | Elf:3    | Identified the staff of Prudence {rC+ MP+9 Dex-3 Conj Ice}
 24527 | Elf:3    | Identified the +2 orcbow of Mony {antimagic, rElec rF-
                  | Will+}
 24612 | Elf:3    | Learned a level 3 spell: Passwall
 24638 | Elf:3    | Received a gift from Sif Muna
 24639 | Elf:3    | Got Sif Muna's Textbook on the Door and the Winter {god
                  | gift}
 24862 | Vaults:1 | Entered Level 1 of the Vaults
 25050 | Vaults:1 | Identified the +0 leather armour "Puguqota" {Dex+5}
 25140 | Vaults:1 | Found Fuschoicu's Antique Armour Emporium.
 25145 | Vaults:1 | Bought a glowing cloak for 307 gold pieces
 25145 | Vaults:1 | Bought a runed scarf for 328 gold pieces
 25163 | Vaults:1 | Identified the granite talisman of the Mackerel {rN+ Int+3}
 25848 | Vaults:2 | Noticed Norris
 25922 | Vaults:2 | Noticed Jory
 26035 | Vaults:2 | Noticed Donald
 26043 | Vaults:2 | Killed Donald
 26044 | Vaults:2 | Reached XP level 20. HP: 172/172 MP: 2/36
 26364 | Vaults:2 | Reached skill level 15 in Shapeshifting
 26975 | Vaults:3 | Noticed a golden dragon
 26981 | Vaults:3 | Killed a golden dragon
 27380 | Vaults:3 | Identified the staff "Kaijusu" {Fly rF+ Fire}
 27631 | Vaults:2 | Killed Norris
 27645 | Vaults:2 | Killed Jory
 27717 | Vaults:2 | Learned a level 7 spell: Malign Gateway
 27866 | Vaults:3 | Reached XP level 21. HP: 179/179 MP: 30/37
 28064 | Vaults:3 | Found a staircase to the Crypt.
 28064 | Vaults:3 | Found a basalt altar of Yredelemnul.
 28064 | Vaults:3 | Found an ancient bone altar of Kikubaaqudgha.
 28160 | Vaults:4 | Found Ixyr's Armour Emporium.
 28172 | Vaults:4 | Found Tukuconu's Antique Armour Shoppe.
 28205 | Vaults:4 | Found Zokloreu's Book Shop.
 28257 | Vaults:4 | Found Leocixoni's Assorted Antiques.
 28262 | Vaults:4 | Bought a scroll of enchant armour for 165 gold pieces
 28262 | Vaults:4 | Bought a scroll of fear for 88 gold pieces
 28262 | Vaults:4 | Bought the ring of the Mage {Wiz Archmagi} for 1122 gold
                  | pieces
 28262 | Vaults:4 | Found the ring of the Mage {Wiz Archmagi}
 28291 | Vaults:4 | Learned a level 9 spell: Dragon's Call
 28318 | Vaults:4 | Found a huge runed translucent gate.
 28318 | Vaults:4 | Found a huge runed translucent gate.
 28318 | Vaults:4 | Found a huge runed translucent gate.
 28318 | Vaults:4 | Found a huge runed translucent gate.
 28318 | Vaults:4 | Found a huge runed translucent gate.
 28318 | Vaults:4 | Found a huge runed translucent gate.
 28318 | Vaults:4 | Found a huge runed translucent gate.
 28318 | Vaults:4 | Found a huge runed translucent gate.
 28319 | Vaults:4 | Found a huge runed translucent gate.
 28319 | Vaults:4 | Found a huge runed translucent gate.
 28319 | Vaults:4 | Found a huge runed translucent gate.
 28319 | Vaults:4 | Found a huge runed translucent gate.
 28319 | Vaults:4 | Found a huge runed translucent gate.
 28517 | Vaults:4 | Found a huge runed translucent gate.
 28517 | Vaults:4 | Found a huge runed translucent gate.
 28521 | Vaults:4 | Found a huge runed translucent gate.
 28523 | Vaults:4 | Found a huge runed translucent gate.
 28524 | Vaults:4 | Found a huge runed translucent gate.
 28524 | Vaults:4 | Found a huge runed translucent gate.
 28524 | Vaults:4 | Found a huge runed translucent gate.
 28539 | Vaults:4 | Found Xaur's Magic Scroll Shoppe.
 28548 | Vaults:4 | Bought a scroll of fear for 68 gold pieces
 28548 | Vaults:4 | Bought a scroll of fear for 68 gold pieces
 28548 | Vaults:4 | Bought a scroll of teleportation for 51 gold pieces
 28601 | Vaults:4 | Noticed Saint Roka
 28606 | Vaults:4 | Killed Saint Roka
 28745 | Vaults:4 | Received a gift from Sif Muna
 28810 | Vaults:4 | Found Deloics's Armour Boutique.
 29227 | Lair:3   | Found a runed translucent gate.
 29227 | Lair:3   | Found a runed translucent gate.
 29227 | Lair:3   | Noticed dakkaduck's ghost (journeyman MiBe)
 29234 | Lair:3   | Killed dakkaduck's ghost
 29299 | Slime:1  | Entered Level 1 of the Pits of Slime
 29418 | Slime:4  | Noticed Dissolution
 29423 | Slime:4  | Killed Dissolution
 29445 | Slime:4  | Gained mutation: Armour fits poorly on your strangely
                  | shaped body. [a shining eye]
 29451 | Slime:4  | Reached XP level 22. HP: 187/187 MP: 14/38
 29466 | Slime:5  | Entered Level 5 of the Pits of Slime
 29639 | Slime:5  | Learned a level 4 spell: Passage of Golubria
 29646 | Slime:5  | Received a gift from Sif Muna
 29742 | Slime:5  | Noticed the Royal Jelly
 29760 | Slime:5  | Killed the Royal Jelly
 29809 | Slime:5  | Got a slimy rune of Zot
 29849 | Slime:5  | Identified the ring of the Fuzzy Pear {*Slow rC+ Will+++
                  | Str-5 Dex+8}
 29874 | Slime:5  | Identified the +2 leather armour of Xom's Condemnation
                  | {rElec rN+ Dex-3}
 29898 | Slime:5  | Identified the +5 scimitar "Cuyjur" {drain, rElec rF+}
 29906 | Slime:5  | Identified the orb of Qazlal's Displeasure {guile, Fire}
 30315 | D:15     | Found a staircase to the Depths.
 30324 | Depths:1 | Entered Level 1 of the Depths
 30461 | Depths:1 | Reached skill level 1 in Shields
 30541 | Depths:1 | Found a hide-covered altar of Uskayaw.
 30606 | Depths:1 | Noticed Sojobo
 30611 | Depths:1 | Killed Sojobo
 30615 | Depths:1 | Found Vufe's Jewellery Shop.
 30619 | Depths:1 | Found Ucewkakh's Book Shoppe.
 30620 | Depths:1 | Found Qoba's Jewellery Shop.
 30788 | Depths:1 | Learned a level 3 spell: Passwall
 30822 | Depths:2 | Noticed a golden dragon
 30824 | Depths:2 | Reached skill level 5 in Shields
 30825 | Depths:2 | Killed a golden dragon
 30989 | Depths:2 | Noticed Vv
 31045 | Depths:2 | Noticed the Enchantress
 31116 | Depths:3 | Identified the ring "Ofig" {Ice +Blink rElec rN+ Dex+2}
 31116 | Depths:3 | Noticed Josephina
 31123 | Depths:3 | Killed Josephina
 31139 | Depths:3 | Noticed a golden dragon
 31146 | Depths:3 | Killed a golden dragon
 31172 | Depths:4 | Entered Level 4 of the Depths
 31172 | Depths:4 | Found a one-way gate to the infinite horrors of the Abyss.
 31221 | Depths:3 | Reached skill level 10 in Shields
 31313 | Depths:3 | Noticed a golden dragon
 31317 | Depths:3 | Killed a golden dragon
 31319 | Depths:3 | Reached XP level 23. HP: 156/193 MP: 2/39
 31383 | Depths:3 | Noticed Xtahua
 31387 | Depths:3 | Killed Xtahua
 31632 | Depths:3 | Reached skill level 13 in Spellcasting
 31701 | Depths:2 | Killed the Enchantress
 31709 | Depths:2 | Paralysed by a vampire knight for 3 turns
 31738 | Depths:2 | Found a gateway to Hell.
 31787 | Depths:2 | Killed Vv
 31801 | Depths:2 | Found a one-way gateway to a ziggurat.
 31813 | Zig:1    | Entered Level 1 of a ziggurat
 31813 | Zig:1    | Noticed Evoschuv the pandemonium lord
 31818 | Zig:1    | Killed Evoschuv the pandemonium lord
 31854 | Zig:2    | Entered Level 2 of a ziggurat
 31862 | Zig:3    | Entered Level 3 of a ziggurat
 31863 | Zig:3    | Received a gift from Sif Muna
 31864 | Zig:3    | Got Sif Muna's Improving Your Thaumaturgy {god gift}
 31876 | Zig:3    | Identified the +3 mace "Demonbane" {drain, rF+ MP+9}
 31932 | Zig:4    | Entered Level 4 of a ziggurat
 31932 | Zig:4    | Noticed a caustic shrike
 31937 | Zig:4    | Killed a caustic shrike
 31938 | Zig:4    | Reached skill level 14 in Spellcasting
 31994 | Zig:5    | Entered Level 5 of a ziggurat
 32039 | Zig:6    | Entered Level 6 of a ziggurat
 32108 | Zig:7    | Entered Level 7 of a ziggurat
 32110 | Zig:7    | Noticed an ancient lich
 32116 | Zig:7    | Killed an ancient lich
 32132 | Zig:7    | Reached skill level 15 in Spellcasting
 32132 | Zig:7    | Reached XP level 24. HP: 200/200 MP: 13/42
 32184 | Zig:8    | Entered Level 8 of a ziggurat
 32271 | Zig:9    | Entered Level 9 of a ziggurat
 32274 | Zig:9    | Noticed a Killer Klown
 32275 | Zig:9    | Noticed a Killer Klown
 32276 | Zig:9    | Noticed a Killer Klown
 32279 | Zig:9    | Killed a Killer Klown
 32282 | Zig:9    | Killed a Killer Klown
 32295 | Zig:9    | Killed a Killer Klown
 32299 | Zig:9    | Found the necklace of Bloodlust {Fury *Rage Will++ Int-3
                  | Slay+6}
 32304 | Zig:9    | Identified the ring of Tinu Gan {rElec Str+5 Dex+6}
 32307 | Zig:9    | Identified the ring of Ischus {MP+9 SInv}
 32308 | Zig:9    | Identified the staff of Equivalence {rPois Int+6 Stlth+
                  | Alchemy}
 32331 | Zig:10   | Entered Level 10 of a ziggurat
 32345 | Zig:10   | Reached skill level 1 in Earth Magic
 32360 | Zig:10   | Found the +3 Mad Mage's Maulers {Infuse+∞ VampMP -Cast}
 32401 | Zig:11   | Entered Level 11 of a ziggurat
 32411 | Zig:11   | Reached XP level 25. HP: 211/211 MP: 5/42
 32502 | Zig:12   | Entered Level 12 of a ziggurat
 32514 | Zig:12   | Received a gift from Sif Muna
 32529 | Zig:12   | Got Yguzekupn's Atlas of Bringing Forth {god gift}
 32539 | Zig:12   | Learned a level 8 spell: Summon Horrible Things
 32548 | Zig:12   | Identified the +5 kite shield of the Game Afoot {Dex+3
                  | SInv}
 32582 | Zig:12   | Got the Omnibus of Fulmination
 32792 | D:10     | You paid a toll of +2 gold dragon scales to enter a
                  | treasure trove
 32793 | Trove    | Entered a treasure trove
 32802 | Trove    | Identified the amulet "Huef Uwk" {Acrobat ^Fragile Int+8
                  | Dex+2}
 32817 | Trove    | Identified the orb of the Mantidfly {*Rage, rF- Str+7
                  | Stlth+ Hexes}
 32845 | D:11     | You fall into a shaft and drop 3 floors!
 33040 | Depths:2 | Reached skill level 15 in Fighting
 33044 | Depths:2 | Found a one-way gate leading to the halls of Pandemonium.
 33086 | Pan      | Entered Pandemonium
 33191 | Pan      | Noticed Nafohax the pandemonium lord
 33200 | Pan      | Killed Nafohax the pandemonium lord
 33260 | Pan      | Reached skill level 5 in Earth Magic
 33269 | Pan      | Learned a level 6 spell: Bombard
 33277 | Pan      | Found an exit through the horrors of the Abyss.
 33344 | Pan      | Identified the +1 leather armour of Infinity {^Contam rPois
                  | Int+2}
 33403 | Pan      | Noticed Arawkoa the pandemonium lord
 33418 | Pan      | Killed Arawkoa the pandemonium lord
 33480 | Pan      | Reached skill level 16 in Spellcasting
 33625 | Pan      | Found a huge runed translucent gate.
 33626 | Pan      | Found a huge runed translucent gate.
 33627 | Pan      | Found a huge runed translucent gate.
 33627 | Pan      | Found a huge runed translucent gate.
 33627 | Pan      | Found a huge runed translucent gate.
 33627 | Pan      | Found a huge runed translucent gate.
 33629 | Pan      | Found a huge runed translucent gate.
 33641 | Pan      | Noticed Reymithoo the pandemonium lord
 33643 | Pan      | Reached skill level 5 in Dodging
 33645 | Pan      | Killed Reymithoo the pandemonium lord
 33803 | Pan      | Entered the realm of Cerebov.
 33839 | Pan      | Identified the +2 pair of boots of Dogmatism {rElec Will-
                  | rCorr Int+4}
 33980 | Pan      | Found the +6 sword of Cerebov {flame}
 33980 | Pan      | Noticed Cerebov
 34036 | Pan      | Received a gift from Sif Muna
 34172 | Pan      | Got a fiery rune of Zot
 34186 | Pan      | Found an exit through the horrors of the Abyss.
 34204 | Pan      | Entered the realm of Gloorx Vloq.
 34204 | Pan      | Noticed Ignacio
 34209 | Pan      | Noticed Gloorx Vloq
 34500 | Pan      | Reached XP level 26. HP: 221/221 MP: 9/43
 34552 | Pan      | Reached skill level 17 in Spellcasting
 34560 | Pan      | Killed Ignacio
 35083 | Pan      | Killed Gloorx Vloq
 35102 | Pan      | Got a dark rune of Zot
 35226 | Pan      | Reached skill level 18 in Spellcasting
 35443 | Pan      | Noticed Ofreu the pandemonium lord
 35451 | Pan      | Killed Ofreu the pandemonium lord
 35552 | Pan      | Reached skill level 10 in Dodging
 35664 | Pan      | Found a transporter.
 35680 | Pan      | Entered the realm of Lom Lobon.
 35733 | Pan      | Noticed Lom Lobon
 35755 | Pan      | Killed Lom Lobon
 35790 | Pan      | Got a magical rune of Zot
 35961 | Pan      | Learned a level 7 spell: Spellforged Servitor
 36036 | Pan      | Entered the realm of Mnoleg.
 36117 | Pan      | Received a gift from Sif Muna
 36136 | Pan      | Reached XP level 27. HP: 236/236 MP: 23/45
 36190 | Pan      | Noticed Mnoleg
 36208 | Pan      | Reached skill level 10 in Fire Magic
 36333 | Pan      | Killed Mnoleg
 36448 | Pan      | Got a glowing rune of Zot
 36568 | Pan      | Noticed Ywopyar the pandemonium lord
 36578 | Pan      | Killed Ywopyar the pandemonium lord
 36769 | Pan      | Got a demonic rune of Zot
 36848 | Pan      | Found the +6 sword of Cerebov {flame}
 36848 | Pan      | Noticed Cerebov
 36946 | Pan      | Noticed Gippumul the pandemonium lord
 36950 | Pan      | Killed Gippumul the pandemonium lord
 36999 | Depths:2 | Escaped Pandemonium
 37206 | Vaults:5 | Entered Level 5 of the Vaults
 37221 | Vaults:5 | Identified the ring of Bety {rF+ Will+ SInv}
 37249 | Vaults:5 | Received a gift from Sif Muna
 37250 | Vaults:5 | Got Sif Muna's Octavo of the Catacomb and Rime {god gift}
 37274 | Vaults:5 | Noticed an ancient lich
 37280 | Vaults:5 | Killed an ancient lich
 37281 | Vaults:5 | Reached skill level 19 in Spellcasting
 37292 | Vaults:5 | Reached skill level 15 in Fire Magic
 37293 | Vaults:5 | Got a silver rune of Zot
 37388 | Vaults:5 | Found Tidopt's General Store.
 37667 | Vaults:5 | Identified the ring "Venigue" {Fly rF+ rN+ MP+9 Dex-3}
 37785 | Vaults:4 | Learned a level 8 spell: Ignition
 37862 | Crypt:1  | Entered Level 1 of the Crypt
 38146 | Hell     | Entered the Vestibule of Hell
 38146 | Hell     | Noticed Geryon
 38152 | Hell     | Killed Geryon
 38153 | Hell     | Received a gift from Sif Muna
 38180 | Hell     | Received a gift from Sif Muna
 38187 | Hell     | Got Sif Muna's Omnibus of Electric Blasting {god gift}
 38235 | Hell     | Found a gateway to the freezing wastes of Cocytus.
 38240 | Hell     | Reached skill level 20 in Spellcasting
 38240 | Hell     | Reached skill level 10 in Evocations
 38274 | Coc:1    | Entered Level 1 of Cocytus
 38419 | Coc:2    | Paralysed by a wendigo for 1 turns
 38673 | Coc:5    | Received a gift from Sif Muna
 38688 | Coc:5    | Reached skill level 5 in Unarmed Combat
 38867 | Coc:6    | Paralysed by a wendigo for 1 turns
 38934 | Coc:7    | Entered Level 7 of Cocytus
 38989 | Coc:7    | Paralysed by a wendigo for 1 turns
 39124 | Coc:7    | Paralysed by a wendigo for 1 turns
 39141 | Coc:7    | Reached skill level 10 in Unarmed Combat
 39274 | Coc:7    | Reached skill level 15 in Invocations
 39400 | Coc:7    | Identified the amulet of Vutta Isaca {Acrobat ^Drain rElec
                  | Str+6}
 39400 | Coc:7    | Noticed Antaeus
 39417 | Coc:7    | Killed Antaeus
 39535 | Coc:7    | Got an icy rune of Zot
 39658 | Hell     | Found a gateway to the ashen valley of Gehenna.
 39689 | Geh:1    | Entered Level 1 of Gehenna
 39813 | Geh:1    | Reached skill level 15 in Evocations
 40017 | Geh:4    | Received a gift from Sif Muna
 40117 | Geh:7    | Entered Level 7 of Gehenna
 40370 | Geh:7    | Found the +13 sceptre of Asmodeus
 40370 | Geh:7    | Noticed Asmodeus
 40523 | Geh:7    | Killed Asmodeus
 40567 | Geh:7    | Got an obsidian rune of Zot
 40697 | Hell     | Found a gateway to the decaying netherworld of Tartarus.
 40758 | Tar:1    | Entered Level 1 of Tartarus
 40803 | Tar:2    | Noticed an ancient lich
 40803 | Tar:2    | Noticed an ancient lich
 40803 | Tar:2    | Noticed a dread lich
 40849 | Tar:2    | Killed an ancient lich
 40853 | Tar:2    | Killed a dread lich
 40943 | Tar:2    | Received a gift from Sif Muna
 40978 | Tar:2    | Killed an ancient lich
 41055 | Tar:3    | Noticed a dread lich
 41059 | Tar:3    | Killed a dread lich
 41252 | Tar:6    | Noticed an ancient lich
 41258 | Tar:6    | Killed an ancient lich
 41466 | Tar:7    | Entered Level 7 of Tartarus
 41861 | Tar:7    | Reached skill level 21 in Spellcasting
 42130 | Tar:7    | Noticed the Serpent of Hell
 42147 | Tar:7    | Killed the Serpent of Hell
 42185 | Tar:7    | Got a bone rune of Zot
 42483 | Hell     | Found a gateway to the Iron City of Dis.
 42489 | Dis:1    | Entered Level 1 of the Iron City of Dis
 42514 | Dis:1    | Reached skill level 22 in Spellcasting
 42520 | Dis:1    | Learned a level 5 spell: Borgnjor's Vile Clutch
 43192 | Dis:7    | Entered Level 7 of the Iron City of Dis
 43258 | Dis:7    | Noticed a juggernaut
 43262 | Dis:7    | Killed a juggernaut
 43312 | Dis:7    | Noticed a juggernaut
 43318 | Dis:7    | Killed a juggernaut
 43319 | Dis:7    | Noticed an ancient lich
 43321 | Dis:7    | Noticed a juggernaut
 43322 | Dis:7    | Killed an ancient lich
 43323 | Dis:7    | Reached skill level 5 in Stealth
 43325 | Dis:7    | Killed a juggernaut
 43478 | Dis:7    | Got an iron rune of Zot
 43822 | Crypt:1  | Found a basalt altar of Yredelemnul.
 43863 | Crypt:2  | Noticed a royal mummy
 43863 | Crypt:2  | Noticed Margery
 43864 | Crypt:2  | Noticed Khufu
 43868 | Crypt:2  | Killed Margery
 43869 | Crypt:2  | Killed a royal mummy
 43870 | Crypt:2  | Killed Khufu
 43927 | Crypt:2  | Learned a level 6 spell: Death Channel
 43931 | Crypt:3  | Entered Level 3 of the Crypt
 43958 | Crypt:3  | Received a gift from Sif Muna
 43959 | Crypt:3  | Got Sif Muna's Intricacies of the Histories of Mysteries
                  | {god gift}
 44030 | Crypt:3  | Noticed Mennas
 44036 | Crypt:3  | Killed Mennas
 44065 | Crypt:3  | Reached skill level 23 in Spellcasting
 44165 | Crypt:3  | Identified the ring "Unyr" {Fly rN+}
 44166 | Crypt:3  | Identified the ring of Symmetry {rElec rC+++ rN+ Int-4
                  | Dex+3}
 44167 | Crypt:3  | Identified the ring of Cifao {rN+ Str+3}
 44189 | Crypt:3  | Noticed Grunn
 44192 | Crypt:3  | Killed Grunn
 44281 | Crypt:3  | Found a staircase to the Tomb.
 44308 | Crypt:3  | Identified the staff of Destiny {*Corrode rElec rPois rN++
                  | Summ Alchemy}
 44316 | Tomb:1   | Entered Level 1 of the Tomb of the Ancients
 44376 | Tomb:1   | Noticed a royal mummy
 44378 | Tomb:1   | Noticed a royal mummy
 44385 | Tomb:1   | Killed a royal mummy
 44385 | Tomb:1   | Killed a royal mummy
 44387 | Tomb:1   | Noticed a royal mummy
 44387 | Tomb:1   | Noticed a royal mummy
 44387 | Tomb:1   | Noticed a royal mummy
 44388 | Tomb:1   | Reached skill level 10 in Necromancy
 44388 | Tomb:1   | Noticed a royal mummy
 44391 | Tomb:1   | Killed a royal mummy
 44392 | Tomb:1   | Killed a royal mummy
 44393 | Tomb:1   | Noticed a royal mummy
 44394 | Tomb:1   | Killed a royal mummy
 44394 | Tomb:1   | Killed a royal mummy
 44397 | Tomb:1   | Killed a royal mummy
 45038 | Abyss:5  | Cast into level 5 of the Abyss (unwielding a weapon of
                  | distortion)
 45041 | Abyss:5  | Found a corrupted altar of Lugonu.
 45129 | Abyss:5  | Paralysed by an air elemental for 1 turns
 45170 | Abyss:5  | Got an abyssal rune of Zot
 45187 | Abyss:5  | Reached skill level 24 in Spellcasting
 45197 | Depths:3 | Escaped the Abyss
 45308 | Depths:4 | Found a gate to the Realm of Zot.
 45316 | Depths:4 | Got a midnight gem with 20 turns to spare
 45318 | Zot:1    | Entered Level 1 of the Realm of Zot
 45565 | Zot:3    | Reached skill level 25 in Spellcasting
 45709 | Zot:5    | Entered Level 5 of the Realm of Zot
 45869 | Zot:5    | Got a prismatic gem with 169 turns to spare
 45909 | Zot:5    | Noticed a dread lich
 45911 | Zot:5    | Killed a dread lich
 45926 | Zot:5    | Noticed an orb of fire
 45927 | Zot:5    | Noticed an orb of fire
 45928 | Zot:5    | Noticed an orb of fire
 45945 | Zot:5    | Killed an orb of fire
 45947 | Zot:5    | Killed an orb of fire
 45948 | Zot:5    | Reached skill level 26 in Spellcasting
 45953 | Zot:5    | Killed an orb of fire
 46018 | Zot:5    | Noticed an orb of fire
 46019 | Zot:5    | Noticed an orb of fire
 46019 | Zot:5    | Noticed an orb of fire
 46033 | Zot:5    | Killed an orb of fire
 46041 | Zot:5    | Killed an orb of fire
 46043 | Zot:5    | Noticed an ancient lich
 46051 | Zot:5    | Killed an orb of fire
 46055 | Zot:5    | Killed an ancient lich
 46062 | Zot:5    | Killed an ancient lich
 46086 | Zot:5    | Got the Orb of Zot
 46326 | Depths:4 | Noticed Yqoges the pandemonium lord
 46331 | Depths:4 | Killed Yqoges the pandemonium lord
 46631 | D:$      | Escaped with the Orb!

Illustrated notes

Levels and vault maps discovered:
D:1:      lemuel_arrival_room, layout_loops_ring, item_on_display_a
D:2:      layout_loops_cross, ebering_ecumenical_altar_rust,
          kennysheep_generic_room_13, uniq_jessica
D:3:      layout_basic, gammafunk_ghost_smash, kennysheep_generic_room_11,
          uniq_grinder
D:4:      layout_rooms, nemelex_diamond_rough_becter,
          minmay_temple_entry_gardened_gates, serial_bayou_lake_a
D:5:      layout_loops_ring
D:6:      layout_basic, nicolae_dithmenos_the_darkroom, nicolae_overflow_squiral
D:7:      layout_loops_ring, dk_noncrumbling_4, chequers_serial_rivers_room_a
D:8:      layout_rooms
D:9:      nicolae_hitomezashi [nicolae_hito_row, nicolae_hito_row,
          nicolae_hito_row, nicolae_hito_row, nicolae_hito_row,
          nicolae_hito_row, nicolae_hito_row, nicolae_hito_row,
          nicolae_hito_row, nicolae_hito_row, nicolae_hito_row,
          nicolae_hito_row, nicolae_hito_row, nicolae_hito_row,
          nicolae_hito_row, nicolae_hito_row, nicolae_hito_row,
          nicolae_hito_row], layout_loops_ring, hiddenorc1_lemuel,
          chequers_arboretum, uniq_joseph, uniq_jeremiah
D:10:     layout_cave_pools, gammafunk_temple_overflow_forgotten,
          nicolae_trove_entry_isolated
D:11:     layout_long_grid, david_lair_shrubbed, hellmonk_ghost_big_iron
D:12:     cheibrodos_tormentor_scu, layout_basic, uniq_nessos
D:13:     layout_layer_cave, hangedman_vaults_entry_quadrant_bands
D:14:     layout_roguey, nicolae_elyvilon_temple_path, uniq_kirke
D:15:     hangedman_depths_entry_civil_slaughter, layout_gridville,
          nicolae_concentric_dashed_squares_mild
Temple:   hellmonk_temple_divided_pantheon
Lair:1:   gammafunk_cloud_chamber, layout_cave_pods,
          grunt_forest_large_clearings, serial_bayou_shore_b
Lair:2:   dpeg_oklob_shooting_range, layout_cellular_growth,
          serial_bayou_shore_a, grunt_megastairs_5
Lair:3:   layout_regular_city, nicolae_shoals_entry_roost,
          spider_nest_entry_webs, ebering_ghost_rock_garden, basic_altar
Lair:4:   layout_gridlike, nicolae_slime_entry_field_trip, special_room
          [special_room_mythical_zoo]
Lair:5:   grunt_lair_end_beastmaster, layout_misc_corridors
Shoals:1: layout_shoals
Shoals:2: layout_shoals, portal_ice_cave_entry_ice_statue_two
Shoals:3: layout_shoals, nicolae_shoals_cliffside_cave,
          regret_index_shoals_crete
Shoals:4: shoals_end_hellmonk_holy_island
Spider:1: cheibrodos_forgotten_conduit, uniq_asterion
Spider:2: layout_spider_delve
Spider:3: layout_spider_delve, uniq_arachne
Spider:4: grunt_spider_rune_parallel, uniq_nikola, uniq_mlioglotl
Slime:1:  layout_caves
Slime:2:  layout_caves
Slime:3:  layout_caves, nicolae_slime_getting_an_eyeful
Slime:4:  layout_caves, dissolution_awaits
Slime:5:  slime_pit_nicolae_trefoil
Orc:1:    layout_diamond_mine
Orc:2:    st_orc_mages, layout_caves, einodemon_barbed_minivault
Elf:1:    nicolae_elf_arrival_dilemma, layout_loops_cross,
          kennysheep_underground_church
Elf:2:    nicolae_elf_blades_splatter_lattice [nicolae_blade_lattice],
          layout_geoelf_octagon
Elf:3:    minmay_elf_hall_statues, layout_geoelf_octagon,
          kilobyte_mutagenic_chamber
Vaults:1: nicolae_vaults_closet_pinwheel_2, serial_library_hellmonk_semicircle,
          nicolae_vaults_turnstiles, grunt_vaults_funnel,
          grunt_vaults_trifunnel, nicolae_vaults_offset_grid_hallway_1,
          nicolae_vaults_security_offices_5, nicolae_vaults_tetromino_T_2,
          vaults_standard_mumra_enter_the_diamond, layout_vaults_ring,
          serial_shops, shop
Vaults:2: nicolae_vaults_more_shelving_1, vaults_mumra_hexcomb,
          nicolae_vaults_closet_pinwheel_4, nicolae_vaults_tetromino_L_1,
          vaults_room_hallway, nicolae_vaults_swerve, v_alt_pattern_2,
          nicolae_vaults_tetromino_L_2, nicolae_vaults_little_squares_5,
          hangedman_vaults_slice, nicolae_vaults_closet_pinwheel_6,
          nicolae_vaults_meeting, nicolae_vaults_house_2,
          serial_library_hellmonk_big_corner, nicolae_vaults_storage_room_glass,
          vaults_room_pools, layout_vaults_omnibox, uniq_jory, uniq_donald,
          uniq_norris
Vaults:3: nicolae_vaults_tetromino_Z_2, st_greater_box_2, grunt_vaults_swirl,
          nicolae_vaults_network_periphery, nicolae_vaults_tetromino_L_2,
          minmay_crypt_entry_necro_gods, nicolae_vaults_little_ls,
          nicolae_vaults_network_s, nicolae_vaults_tetromino_T_1,
          layout_vaults_omnigrid
Vaults:4: door_vault, nicolae_vaults_meiosis, nicolae_vaults_ninety_degrees,
          nicolae_vaults_two_Ls, nicolae_vaults_taking_the_gang_shopping,
          nicolae_vaults_windows_and_doors_thing, nicolae_vaults_house_2,
          layout_vaults_maze_bifur, serial_shops, shop, shop,
          nicolae_shop_hallway_plus, nicolae_shop_tiny_waterfront,
          nicolae_lakefront_shop, uniq_saint_roka
Vaults:5
Crypt:1:  layout_basic, basic_altar, grunt_crypt_arrival_guarded_gate
Crypt:2:  layout_rooms, nicolae_crypt_ex-fountain, uniq_margery, uniq_khufu
Crypt:3:  quadcrypt_mu, uniq_grunn, uniq_mennas, uniq_zenata
Tomb:1
Depths:1: layout_gridville, grunt_hell_entry_dis_mu, kennysheep_nondescript,
          minmay_statues_item, nicolae_uskayaw_suspiria, minmay_shop_grove,
          nicolae_triple_integral, uniq_sojobo
Depths:2: minmay_diamond_stairs, layout_cave_pools, enter_ziggurat_d,
          rand_demon_pan_entry_1, infiniplex_staircase_x, hell_entry,
          uniq_enchantress, uniq_vv
Depths:3: minmay_thinvault, layout_cave_shapes, abyss_entry_small_statue_room,
          hangedman_geh_valley, hangedman_decor_push, kennysheep_generic_room_9,
          uniq_xtahua, uniq_josephina
Depths:4: grunt_zot_entry_hairpin, layout_gridlike, grunt_decor_mini_mirrors,
          hangedman_tar_grid_catacomb, abyss_entry
Hell
Dis:1:    layout_overlapping_boxes
Dis:2:    layout_regular_city
Dis:3:    layout_gridville
Dis:4:    layout_subdivisions
Dis:5:    layout_gridville
Dis:6:    layout_jigsaw, hangedman_dis_decor_tower
Dis:7:    dis_grunt_layers
Geh:1:    layout_gehenna_lava_caves
Geh:2:    layout_gehenna_pools_triple
Geh:3:    layout_gehenna_pools_box
Geh:4:    layout_gehenna_pools_triple
Geh:5:    layout_gehenna_lava_caves
Geh:6:    layout_gehenna_lava_caves
Geh:7:    geh_grunt
Coc:1:    layout_ice_bergs
Coc:2:    layout_cocytus_delve, nicolae_coc_statues_of_limitations
Coc:3:    layout_ice_bergs
Coc:4:    layout_ice_bergs
Coc:5:    layout_cocytus_water_paths
Coc:6:    layout_ice_bergs
Coc:7:    coc_grunt_cove [coc_grunt_cove_antaeus, coc_grunt_cove_fiend,
          coc_grunt_cove_fiend, coc_grunt_cove_fiend, coc_grunt_cove_fiend]
Tar:1:    layout_catacombs
Tar:2:    nicolae_tar_checkpoint_tarlie, layout_cathedral_of_symmetry,
          nicolae_tar_liches_on_tour
Tar:3:    layout_grid_maze
Tar:4:    layout_honeycomb
Tar:5:    layout_honeycomb, nicolae_tar_cuneiform_not,
          nicolae_tar_cuneiform_three, nicolae_tar_windowcombs
Tar:6:    layout_catacombs
Tar:7:    tar_minmay_river
Zot:1:    layout_cathedral_of_symmetry, regret_index_zotdec_fiery_em,
          lemuel_baited_zot_trap, hangedman_zot_decor_scrapings, st_stairs_10,
          grunt_ministairs_4
Zot:2:    layout_basic
Zot:3:    layout_basic, regret_index_zotdec_split_disrupt, st_stairs_4
Zot:4:    layout_concentric_octagons, regret_index_zotdec_wing_it,
          grunt_megastairs_4
Zot:5:    layout_misc_corridors

Skill      XL: |  1  2  3  4  5  6  7  8  9 10 11 12 13 14 15 16 17 18 19 20 21 22 23 24 25 26 27 |
---------------+----------------------------------------------------------------------------------+-----
Conjurations   | 1 2 7 9 |  9.0
Fighting       | 1 2 3 4 5 6 9 10 11 12 13 14 15 17 23 | 23.0
Spellcasting   | 2 3 6 8 9 10 11 12 15 16 18 26 | 26.9
Fire Magic     | 5 6 7 8 9 17 | 17.0
Alchemy        | 1 4 6 |  6.0
Summonings     | 2 8 9 11 13 16 19 22 24 | 24.0
Invocations    | 3 6 9 12 16 | 16.0
Translocations | 6 7 9 |  9.1
Evocations     | 5 7 18 | 18.0
Maces & Flails | 4 |  4.0
Necromancy     | 4 8 11 | 11.2
Armour         | 2 4 |  4.0
Shapeshifting  | 6 10 14 16 18 | 18.0
Shields        | 10 | 10.0
Earth Magic    | 2 7 |  7.0
Dodging        | 8 11 14 | 14.0
Unarmed Combat | 12 | 12.0
Stealth        | 9 |  9.0
Polearms       | |  1.1

Action                     |  1- 3 |  4- 6 |  7- 9 | 10-12 | 13-15 | 16-18 | 19-21 | 22-24 | 25-27 || total
---------------------------+-------+-------+-------+-------+-------+-------+-------+-------+-------++-------
  Melee: Spear             |     2 |     9 |       |       |       |       |       |       |       ||    11
         Trident           |       |     9 |       |       |       |       |       |       |       ||     9
         Punch             |       |     1 |       |     1 |     2 |     3 |     4 |       |       ||    11
         Mace              |       |       |    62 |   133 |   251 |   214 |    73 |    45 |    22 ||   800
         Dire flail        |       |       |       |     4 |       |       |       |       |       ||     4
         Scimitar          |       |       |       |       |       |       |    51 |       |       ||    51
         Staff             |       |       |       |       |       |       |     2 |       |     1 ||     3
   Fire: Sling             |       |     2 |       |       |       |       |       |       |       ||     2
  Throw: Dart              |       |       |       |     5 |     1 |     2 |     4 |       |       ||    12
         Throwing net      |       |       |       |       |       |       |     2 |     5 |     2 ||     9
   Cast: Foxfire           |    34 |    93 |   110 |       |       |       |       |       |       ||   237
         Sticky Flame      |       |       |     5 |       |       |       |       |       |       ||     5
         Olgreb's Toxic Ra |       |       |    11 |   108 |   182 |    91 |    12 |       |       ||   404
         Summon Blazeheart |       |       |     1 |    19 |    80 |    35 |    16 |       |       ||   151
         Ignite Poison     |       |       |     1 |    21 |    65 |    43 |     3 |       |       ||   133
         Summon Forest     |       |       |       |     2 |    15 |    75 |    92 |    25 |    47 ||   256
         Sublimation of Bl |       |       |       |       |    84 |   198 |    77 |       |       ||   359
         Apportation       |       |       |       |       |     8 |    34 |    29 |    24 |    75 ||   170
         Summon Lightning  |       |       |       |       |     1 |    30 |    15 |       |       ||    46
         Summon Hydra      |       |       |       |       |       |   169 |   230 |    20 |       ||   419
         Blink             |       |       |       |       |       |     3 |     4 |     1 |     9 ||    17
         Irradiate         |       |       |       |       |       |    13 |    17 |     5 |     9 ||    44
         Passwall          |       |       |       |       |       |       |     5 |    11 |    11 ||    27
         Dragon's Call     |       |       |       |       |       |       |     3 |    29 |   174 ||   206
         Malign Gateway    |       |       |       |       |       |       |     8 |    11 |    33 ||    52
         Passage of Golubr |       |       |       |       |       |       |       |     4 |    91 ||    95
         Summon Horrible T |       |       |       |       |       |       |       |       |   327 ||   327
         Bombard           |       |       |       |       |       |       |       |       |    19 ||    19
         Spellforged Servi |       |       |       |       |       |       |       |       |    47 ||    47
         Ignition          |       |       |       |       |       |       |       |       |   129 ||   129
         Borgnjor's Vile C |       |       |       |       |       |       |       |       |    31 ||    31
         Death Channel     |       |       |       |       |       |       |       |       |     8 ||     8
         Shatter           |       |       |       |       |       |       |       |       |     3 ||     3
 Invoke: Channel Magic     |       |       |       |     6 |     7 |    21 |    30 |    13 |   189 ||   266
         Divine Exegesis   |       |       |       |       |       |       |     2 |     1 |     3 ||     6
  Evoke: Wand              |       |       |       |     5 |     5 |    30 |     3 |     7 |    41 ||    91
         Lightning rod     |       |       |       |       |       |    10 |    13 |       |     1 ||    24
         Condenser vane    |       |       |       |       |       |     1 |     4 |     2 |     2 ||     9
         Phantom mirror    |       |       |       |       |       |       |     1 |     1 |     1 ||     3
         Sack of spiders   |       |       |       |       |       |       |       |       |     1 ||     1
    Use: Potion            |       |     2 |       |     1 |     2 |     4 |     4 |     5 |    34 ||    52
         Scroll            |       |     9 |     8 |     5 |    11 |    16 |    18 |     7 |    41 ||   115
   Stab: Distracted        |       |       |       |       |     2 |     3 |     4 |       |       ||     9
         Petrified         |       |       |       |       |     2 |       |       |       |       ||     2
         Petrifying        |       |       |       |       |     1 |       |       |       |       ||     1
         Held in net/web   |       |       |       |       |       |     1 |       |       |       ||     1
 Armour: Leather armour    |     8 |    25 |    46 |    99 |   323 |   391 |    40 |       |       ||   932
         Skin              |       |       |       |       |       |       |   382 |   239 |  1155 ||  1776
  Dodge: Dodged            |     5 |    22 |    40 |    90 |   361 |   325 |   233 |   112 |   625 ||  1813
  Block: Buckler           |       |       |       |       |       |       |       |    32 |   342 ||   374
   Form: Statue            |       |       |       |       |       |       |     1 |       |       ||     1
